 Dungeon Crawl Stone Soup version 0.22.1-1-ga44c0e5 (webtiles) character file.

228 harcile the Shield-Bearer (level 6, -6/53 HPs)
             Began as a Hill Orc Fighter on Oct 19, 2018.
             Mangled by an orc warrior
             ... wielding a +0 war axe
              (16 damage)
             ... on level 4 of the Dungeon.
             The game lasted 00:09:50 (2003 turns).

harcile the Shield-Bearer (Hill Orc Fighter)        Turns: 2003, Time: 00:09:51

Health: -6/53      AC:  7    Str: 25    XL:     6   Next: 2%
Magic:  6/6        EV:  8    Int:  8    God:
Gold:   132        SH: 10    Dex: 11    Spells: 5/5 levels left

rFire    . . .     SeeInvis .   a - +0 long sword
rCold    . . .     Gourm    .   c - +0 shield
rNeg     . . .     Faith    .   h - +0 scale mail
rPois    .         Spirit   .   (no helmet)
rElec    .         Reflect  .   (no cloak)
rCorr    .         Harm     .   (no gloves)
MR       .....     Rnd*Tele +   (no boots)
Stlth    ..........             (no amulet)
HPRegen  0.17/turn              p - ring of teleportation (curse)
MPRegen  0.10/turn              (no ring)

@: mighty
A: no striking features
a: Convert to Beogh


You were on level 4 of the Dungeon.
You were not hungry.

You visited 1 branch of the dungeon, and saw 4 of its levels.

You collected 132 gold pieces.

Inventory:

Hand Weapons
 a - a +0 long sword (weapon)
 b - a +0 short sword of protection
 x - a +0 long sword
Armour
 c - a +0 shield (worn)
 h - a +0 scale mail (worn)
 s - a +1 leather armour of poison resistance
Jewellery
 p - a cursed ring of teleportation (left hand)
 t - an uncursed amulet of harm {unknown}
Scrolls
 g - a scroll of noise {unknown}
 i - 3 scrolls of identify {unknown}
 k - a scroll of blinking {unknown}
 l - 5 scrolls of teleportation {unknown}
 q - 2 scrolls of amnesia {unknown}
 v - a scroll of fog {unknown}
 y - a scroll of remove curse {unknown}
 A - a scroll of magic mapping {unknown}
Potions
 e - 3 potions of heal wounds {unknown}
 j - a potion of curing {unknown}
 m - 2 potions of brilliance {unknown}
 n - a potion of haste
 o - 2 potions of agility {unknown}
 r - 2 potions of mutation {unknown}
 u - a potion of invisibility {unknown}
 z - a potion of degeneration {unknown}
Comestibles
 f - 8 rations
 w - 4 chunks of flesh


   Skills:
 + Level 4.4 Fighting
 + Level 3.9 Long Blades
 + Level 4.1 Armour
 + Level 1.1 Dodging
 + Level 4.9 Shields


You had 5 spell levels left.
You didn't know any spells.
Your spell library was empty.

Dungeon Overview and Level Annotations

Branches:
Dungeon (4/15)
 Temple: D:4-7

Altars:
Elyvilon


Message History

The orc warrior is moderately wounded.
You hear a bark!
You hear a shout!
You hear a bark!
You hear a shout! x2
The orc warrior hits you with a war axe!
You hit the orc warrior but do no damage.
The orc warrior is moderately wounded.
The orc warrior hits you with a war axe.
You slash the orc warrior!
The orc warrior is heavily wounded.
A jackal comes into view.
You block the orc warrior's attack.
You barely miss the orc warrior.
The orc warrior is heavily wounded.
A jackal comes into view.
The orc warrior hits you with a war axe!
* * * LOW HITPOINT WARNING * * *
The orc priest looks satisfied for a moment.
The jackal moves out of view.
You feel very mighty all of a sudden.
The orc warrior hits you with a war axe!
You die...

##
#######..#
#....@oo.#
#.#####hh#
#. .... #.
#.#. .> #
#. #. ##


You could see an orc warrior, an orc priest and 2 jackals.

Vanquished Creatures
  A crimson imp (D:3)
  Terence (D:3)
  An orc wizard (D:4)
  7 adders
  A worm (D:2)
  3 dart slugs
  7 orcs
  A ball python (D:2)
  7 giant cockroaches
  7 goblins
  4 hobgoblins
  4 jackals (D:1)
  A quokka (D:2)
  4 bats
  5 frilled lizards
  8 kobolds
  8 rats
70 creatures vanquished.

Notes
Turn   | Place    | Note
-------+----------+-------------------------------------------
     0 | D:1      | harcile the Hill Orc Fighter began the quest for the Orb.
     0 | D:1      | Reached XP level 1. HP: 19/19 MP: 1/1
    68 | D:1      | Reached XP level 2. HP: 25/27 MP: 2/2
   262 | D:1      | Reached XP level 3. HP: 26/33 MP: 3/3
   584 | D:2      | Found a white marble altar of Elyvilon.
   863 | D:2      | Reached XP level 4. HP: 25/40 MP: 4/4
  1311 | D:3      | Noticed Terence
  1325 | D:3      | Killed Terence
  1329 | D:3      | Reached XP level 5. HP: 23/47 MP: 5/5
  1686 | D:3      | Reached skill level 1 in Dodging
  1982 | D:4      | Reached XP level 6. HP: 41/53 MP: 6/6
  1993 | D:4      | Noticed an orc warrior
  2003 | D:4      | Mangled by an orc warrior

Skill      XL: |  1  2  3  4  5 |
---------------+----------------+-----
Fighting       | 4 |  4.4
Long Blades    | 3 |  3.9
Shields        | 4 |  4.9
Armour         | 4 |  4.1
Dodging        | 1 |  1.1

Action                   |  1- 3 |  4- 6 || total
-------------------------+-------+-------++-------
Melee: Long sword        |   120 |   138 ||   258
  Use: Potion            |       |     1 ||     1
  Eat: Chunk             |       |     4 ||     4
Armor: Scale mail        |    52 |    76 ||   128
Dodge: Dodged            |    35 |    53 ||    88
Block: Shield            |    58 |    76 ||   134
       Rpst.: Long sword |     9 |    18 ||    27
